 Dungeon Crawl Stone Soup version 0.23.2-30-g0e89c35649 (webtiles) character file.

Game seed: 5164050354748350427

85 Mrkan the Shield-Bearer (level 4, 0/35 HPs)
             Began as a Human Fighter on June 24, 2019.
             Was an Initiate of Zin.
             Slain by a gnoll
             ... wielding a +0 spear
              (2 damage)
             ... on level 3 of the Dungeon.
             The game lasted 00:02:54 (1533 turns).

Mrkan the Shield-Bearer (Human Fighter)             Turns: 1533, Time: 00:02:55

Health: 0/35       AC:  6    Str: 23    XL:     4   Next: 75%
Magic:  4/4        EV:  7    Int:  8    God:    Zin [......]
Gold:   45         SH:  9    Dex: 12    Spells: 3/3 levels left

rFire    . . .     SeeInvis .   a - +0 long sword
rCold    . . .     Gourm    .   c - +0 shield
rNeg     . . .     Faith    .   b - +0 scale mail
rPois    .         Spirit   .   (no helmet)
rElec    .         Reflect  .   (no cloak)
rCorr    .         Harm     .   (no gloves)
MR       .....                  (no boots)
Stlth    ..........             (no amulet)
HPRegen  0.11/turn              (no ring)
MPRegen  0.09/turn              (no ring)

@: mighty
A: no striking features
a: Donate Gold, Renounce Religion


You were on level 3 of the Dungeon.
You worshipped Zin.
Zin was noncommittal.
You were not hungry.

You visited 1 branch of the dungeon, and saw 3 of its levels.

You collected 49 gold pieces.
You donated 4 gold pieces to Zin.

Inventory:

Hand Weapons
 a - a +0 long sword (weapon)
Armour
 b - a +0 scale mail (worn)
 c - a +0 shield (worn)
Jewellery
 g - a cursed amulet of inaccuracy {unknown}
Scrolls
 e - 3 scrolls of identify {unknown}
 h - a scroll of immolation {unknown}
 i - 4 scrolls of teleportation {unknown}
 k - a scroll of remove curse {unknown}
 m - a scroll of enchant weapon {unknown}
 p - a scroll of blinking {unknown}
 q - a scroll of amnesia {unknown}
Potions
 j - a potion of heal wounds {unknown}
 n - a potion of invisibility {unknown}
 o - a potion of brilliance {unknown}
Comestibles
 f - 3 rations
 l - a chunk of flesh


   Skills:
 + Level 3.5 Fighting
 * Level 3.4 Long Blades
 - Level 3.0 Armour
 + Level 3.5 Shields
 + Level 0.6 Invocations


You had 3 spell levels left.
You didn't know any spells.
Your spell library was empty.

Dungeon Overview and Level Annotations

Branches:
Dungeon (3/15)

Altars:
Trog
Xom
Zin


Message History

There is a huge open gate here.
You see here 8 stones.
You feel very mighty all of a sudden.
You slash the gnoll!
You kill the gnoll!
The gnoll hits you with a +2 spear of piercing.
* * * LOW HITPOINT WARNING * * *
x2 The gnoll hits you but does no damage.
Things that are here:
a +0 whip; a gnoll corpse You slash the gnoll!
You kill the gnoll!
You block the gnoll's attack. You block the gnoll shaman's attack.
Things that are here:
a +2 spear of piercing; a gnoll corpse You hit the gnoll shaman but do no damage.
The gnoll closely misses you. You block the gnoll shaman's attack.
You closely miss the gnoll shaman.
The gnoll hits you from afar with a +0 spear.
You die...

..... ....## .... ...#
#..###### #........ #.# #)#
#@# #g# #g# #O# #####g###
..## #.<.....##########
#....#######.###.#.#........#
#.......†)........#.######.#
#...#######.#.....#.# #.#


You could see an ogre, a gnoll shaman and 2 gnolls.

Vanquished Creatures
  3 gnolls (D:3)
  2 adders (D:2)
  2 worms (D:2)
  A dart slug (D:1)
  2 leopard geckos
  A giant cockroach (D:2)
  A goblin (D:1)
  4 hobgoblins
  4 jackals (D:3)
  A kobold (D:2)
  A ball python (D:2)
  3 bats
  2 frilled lizards
  4 rats
31 creatures vanquished.

Notes
Turn   | Place    | Note
-------+----------+-------------------------------------------
     0 | D:1      | Mrkan the Human Fighter began the quest for the Orb.
     0 | D:1      | Reached XP level 1. HP: 18/18 MP: 1/1
   238 | D:1      | Reached XP level 2. HP: 24/24 MP: 2/2
   716 | D:2      | Reached XP level 3. HP: 28/29 MP: 3/3
   773 | D:2      | Noticed an angel
   824 | D:2      | Found a shimmering altar of Xom.
   825 | D:2      | Found a glowing silver altar of Zin.
  1137 | D:2      | Found a bloodstained altar of Trog.
  1332 | D:2      | Reached XP level 4. HP: 35/35 MP: 4/4
  1342 | D:2      | Became a worshipper of Zin the Law-Giver
  1498 | D:3      | Noticed an ogre
  1502 | D:3      | HP: 1/35 [gnoll/+0 whip (7)]
  1529 | D:3      | HP: 1/35 [gnoll/+2 spear of piercing (1)]
  1533 | D:3      | Slain by a gnoll

Skill      XL: |  1  2  3 |
---------------+----------+-----
Long Blades    | 3 |  3.4
Fighting       | |  3.5
Armour         | |  3.0
Shields        | |  3.5
Invocations    | |  0.6

Action                   |  1- 3 |  4- 6 || total
-------------------------+-------+-------++-------
Melee: Long sword        |    74 |    25 ||    99
  Use: Potion            |       |     1 ||     1
  Eat: Chunk             |     1 |     1 ||     2
Armor: Scale mail        |    33 |    11 ||    44
Dodge: Dodged            |    26 |    10 ||    36
Block: Shield            |    40 |    16 ||    56
       Rpst.: Long sword |    12 |     1 ||    13
